PIO (24 & UNDER)
CHULA VISTA TACOS @ JASPER COUGARS
07/02/2028
 
TOP OF THE 1ST
Chula Vista Tacos batting - Pitching for Jasper Cougars : LHP Alberto Guerra
Pitching: LHP Alberto Guerra
Batting: LHB Dale Miller 0-0: Ball
1-0: Ball
2-0: Called Strike
2-1: Ball
3-1: SINGLE (Groundball, 56D)
Batting: RHB Ron Garrett 0-0: Ball
1-0: Swinging Strike
1-1: Grounds into double play, 6-4-3 (Groundball, 6)
Batting: LHB Nick Hill 0-0: Foul Ball, location: 2F
0-1: Ball
1-1: Swinging Strike
1-2: Strikes out swinging
Top of the 1st over - 0 run(s), 1 hit(s), 0 error(s), 0 left on base; Chula Vista 0 - Jasper 0
BOTTOM OF THE 1ST
Jasper Cougars batting - Pitching for Chula Vista Tacos : RHP Maurice Green
Pitching: RHP Maurice Green
Batting: LHB Darren Holland 0-0: Ball
1-0: Ball
2-0: Ball
3-0: Base on Balls
Batting: RHB Bob Cole 0-0: Foul Ball, location: 2F
0-1: Called Strike
Pickoff Throw to First - Error! E1
Darren Holland to second
0-2: Ball
1-2: Ball
2-2: Ball
3-2: Ground out 4-3 (Groundball, 4)
Darren Holland to third
Batting: LHB Jon Rogers 0-0: Ball
1-0: Ball
2-0: Called Strike
2-1: Ground out 3-1 (Groundball, 34S)
Darren Holland scores
Batting: RHB Juan Carlos 0-0: Ball
1-0: SOLO HOME RUN (Flyball, 78XD), Distance : 384 ft
Batting: LHB Tony Beck 0-0: Ground out 4-3 (Groundball, 34D)
Bottom of the 1st over - 2 run(s), 1 hit(s), 1 error(s), 0 left on base; Chula Vista 0 - Jasper 2
TOP OF THE 2ND
Chula Vista Tacos batting - Pitching for Jasper Cougars : LHP Alberto Guerra
Batting: LHB Steven Smith 0-0: Ball
1-0: Called Strike
1-1: Ball
2-1: Ball
3-1: Base on Balls
Batting: LHB Roderick Delgado 0-0: Called Strike
0-1: Foul Ball, location: 2F
0-2: Fielders Choice at 2nd, 5-4 (Groundball, 56)
Batting: RHB Matt O'Rourke 0-0: Ball
Wild Pitch!
Roderick Delgado to second
1-0: Called Strike
1-1: Foul Ball, location: 2F
1-2: Ball
2-2: Strikes out swinging
Batting: RHB Domynguos Tabucchi 0-0: Ball
1-0: Foul Ball, location: 2F
1-1: Ball
2-1: Ground out 5-3 (Groundball, 56)
Top of the 2nd over - 0 run(s), 0 hit(s), 0 error(s), 1 left on base; Chula Vista 0 - Jasper 2
BOTTOM OF THE 2ND
Jasper Cougars batting - Pitching for Chula Vista Tacos : RHP Maurice Green
Batting: RHB Ben Wilson 0-0: Ball
1-0: Foul Ball, location: 2F
1-1: Foul Ball, location: 2F
1-2: Strikes out looking
Batting: SHB Michael Miller 0-0: Ball
1-0: Ball
2-0: Foul Ball, location: 2F
2-1: Ball
3-1: Foul Ball, location: 2F
3-2: Base on Balls
Batting: RHB José Ortega 0-0: Ground out 5-3 (Groundball, 25)
Michael Miller to second
Batting: RHB Scott McGuire 0-0: Foul Ball, location: 2F
0-1: Ball
1-1: Foul Ball, location: 2F
1-2: Ball
2-2: Strikes out swinging
Bottom of the 2nd over - 0 run(s), 0 hit(s), 0 error(s), 1 left on base; Chula Vista 0 - Jasper 2
TOP OF THE 3RD
Chula Vista Tacos batting - Pitching for Jasper Cougars : LHP Alberto Guerra
Batting: RHB Juan Morales 0-0: Swinging Strike
0-1: Ball
1-1: SINGLE (Line Drive, 7S)
Batting: SHB Tony Varela 0-0: Ball
1-0: Foul Ball, location: 2F
1-1: Called Strike
1-2: Strikes out looking
Batting: LHB Dale Miller 0-0: Called Strike
0-1: Swinging Strike
0-2: Ball
Wild Pitch!
Juan Morales to second
1-2: SINGLE (Groundball, 6MD)
Juan Morales to third
Runner from 3rd tries for Home, SAFE, no throw
Batting: RHB Ron Garrett 0-0: Ball
1-0: Foul Ball, location: 2F
1-1: Foul Ball, location: 2F
1-2: Ball
2-2: Foul Ball, location: 2F
2-2: Strikes out swinging
Batting: LHB Nick Hill 0-0: Called Strike
Dale Miller steals 2nd base
0-1: Swinging Strike
0-2: Ball
1-2: Strikes out swinging
Top of the 3rd over - 1 run(s), 2 hit(s), 0 error(s), 1 left on base; Chula Vista 1 - Jasper 2
BOTTOM OF THE 3RD
Jasper Cougars batting - Pitching for Chula Vista Tacos : RHP Maurice Green
Batting: LHB Darren Holland 0-0: Ball
1-0: Called Strike
1-1: Ball
2-1: Fly out, F8 (Flyball, 8RM)
Batting: RHB Bob Cole 0-0: Ball
1-0: SINGLE (Line Drive, 6)
Batting: LHB Jon Rogers 0-0: Ball
1-0: SINGLE (Line Drive, 56D)
Bob Cole to second
Batting: RHB Juan Carlos 0-0: Ball
1-0: Fielders Choice at 2nd, 1-6 (Groundball, 13S)
Bob Cole to third
Batting: LHB Tony Beck 0-0: Fly out, F7 (Flyball, 7S)
Bottom of the 3rd over - 0 run(s), 2 hit(s), 0 error(s), 2 left on base; Chula Vista 1 - Jasper 2
TOP OF THE 4TH
Chula Vista Tacos batting - Pitching for Jasper Cougars : LHP Alberto Guerra
Batting: LHB Steven Smith 0-0: Ball
1-0: Ball
2-0: Foul Ball, location: 2F
2-1: Ground out 6-3 (Groundball, 6S)
Batting: LHB Roderick Delgado 0-0: Ball
1-0: Ball
2-0: Foul Ball, location: 2F
2-1: Ball
3-1: Foul Ball, location: 2F
3-2: Foul Ball, location: 2F
3-2: Base on Balls
Batting: RHB Matt O'Rourke 0-0: Ball
1-0: Foul Ball, location: 2F
1-1: Ball
2-1: Swinging Strike
2-2: Ball
3-2: Foul Ball, location: 2F
3-2: SINGLE (Groundball, 56D)
Roderick Delgado to second
Batting: RHB Domynguos Tabucchi 0-0: Ball
1-0: Foul Ball, location: 2F
1-1: Called Strike
1-2: Foul Ball, location: 2F
1-2: Ball
2-2: SINGLE (Groundball, 6MD)
Roderick Delgado to third
Matt O'Rourke to second
Runner from 3rd tries for Home, SAFE, no throw
Batting: RHB Juan Morales 0-0: Ball
1-0: Foul Ball, location: 2F
1-1: Fielders Choice at 2nd, 6-4 (Groundball, 6)
Matt O'Rourke to third
Batting: SHB Tony Varela 0-0: Ball
1-0: Ball
2-0: Called Strike
2-1: Fielders Choice at 2nd, 6-4 (Groundball, 6)
Top of the 4th over - 1 run(s), 2 hit(s), 0 error(s), 1 left on base; Chula Vista 2 - Jasper 2
BOTTOM OF THE 4TH
Jasper Cougars batting - Pitching for Chula Vista Tacos : RHP Maurice Green
Batting: RHB Ben Wilson 0-0: Ball
1-0: Fly out, F4 (Popup, 4D)
Batting: SHB Michael Miller 0-0: Ball
1-0: Foul Ball, location: 2F
1-1: Ball
2-1: Foul Ball, location: 2F
2-2: Ball
3-2: Fly out, F9 (Line Drive, 9LM)
Batting: RHB José Ortega 0-0: Ball
1-0: Foul Ball, location: 2F
1-1: Swinging Strike
1-2: Ball
2-2: Strikes out looking
Bottom of the 4th over - 0 run(s), 0 hit(s), 0 error(s), 0 left on base; Chula Vista 2 - Jasper 2
TOP OF THE 5TH
Chula Vista Tacos batting - Pitching for Jasper Cougars : LHP Alberto Guerra
Batting: LHB Dale Miller 0-0: Called Strike
0-1: Called Strike
0-2: Ball
1-2: Ball
2-2: Fly out, F8 (Line Drive, 8RS)
Pitching: RHP A.J. Wellman
Batting: RHB Ron Garrett 0-0: Ball
1-0: Swinging Strike
1-1: Ball
2-1: Ground out 6-3 (Groundball, 56)
Batting: LHB Nick Hill 0-0: Called Strike
0-1: Swinging Strike
0-2: Strikes out swinging
Top of the 5th over - 0 run(s), 0 hit(s), 0 error(s), 0 left on base; Chula Vista 2 - Jasper 2
BOTTOM OF THE 5TH
Jasper Cougars batting - Pitching for Chula Vista Tacos : RHP Maurice Green
Batting: RHB Scott McGuire 0-0: Ball
1-0: Called Strike
1-1: Swinging Strike
1-2: Strikes out swinging
Batting: LHB Darren Holland 0-0: Ball
1-0: Ball
2-0: Ball
3-0: Called Strike
3-1: Fly out, F9 (Flyball, 9S)
Batting: RHB Bob Cole 0-0: Ball
1-0: SINGLE (Flyball, 89S)
Batting: LHB Jon Rogers 0-0: Ball
1-0: Called Strike
Bob Cole steals 2nd base
1-1: Fly out, F4 (Line Drive, 4D)
Bottom of the 5th over - 0 run(s), 1 hit(s), 0 error(s), 1 left on base; Chula Vista 2 - Jasper 2
TOP OF THE 6TH
Chula Vista Tacos batting - Pitching for Jasper Cougars : RHP A.J. Wellman
Batting: LHB Steven Smith 0-0: Ball
1-0: Called Strike
1-1: Called Strike
1-2: Ball
2-2: Strikes out swinging
Batting: LHB Roderick Delgado 0-0: Ball
1-0: Called Strike
1-1: Swinging Strike
1-2: Strikes out swinging
Batting: RHB Matt O'Rourke 0-0: Foul Ball, location: 2F
0-1: Swinging Strike
0-2: Foul Ball, location: 2F
0-2: Strikes out swinging
Top of the 6th over - 0 run(s), 0 hit(s), 0 error(s), 0 left on base; Chula Vista 2 - Jasper 2
BOTTOM OF THE 6TH
Jasper Cougars batting - Pitching for Chula Vista Tacos : RHP Maurice Green
Batting: RHB Juan Carlos 0-0: SINGLE (Groundball, 4MD)
Batting: LHB Tony Beck 0-0: SINGLE (Line Drive, 9S)
Juan Carlos to second
Batting: RHB Ben Wilson 0-0: Ball
1-0: Fly out, F6 (Popup, 56D)
Batting: SHB Michael Miller 0-0: Called Strike
0-1: Ball
1-1: Foul Ball, location: 2F
1-2: Strikes out swinging
Batting: RHB José Ortega 0-0: Foul Ball, location: 2F
0-1: Ball
1-1: Foul Ball, location: 2F
1-2: Strikes out swinging wild pitch, reaches first!
Juan Carlos to third
Tony Beck to second
Batting: RHB Scott McGuire 0-0: Fly out, F9 (Flyball, 9S)
Bottom of the 6th over - 0 run(s), 2 hit(s), 0 error(s), 3 left on base; Chula Vista 2 - Jasper 2
TOP OF THE 7TH
Chula Vista Tacos batting - Pitching for Jasper Cougars : RHP A.J. Wellman
Pinch Hitting: RHB Juan López 0-0: Called Strike
0-1: Ball
1-1: Called Strike
1-2: Ball
2-2: Ball
3-2: Strikes out swinging
Batting: RHB Juan Morales 0-0: SOLO HOME RUN (Flyball, 78XD), Distance : 404 ft
Pitching: LHP Ángel Gonzáles
Batting: SHB Tony Varela 0-0: Called Strike
0-1: Swinging Strike
0-2: Ball
1-2: Ball
2-2: SINGLE (Line Drive, 8LS)
Pinch Hitting: RHB Jake Lawrence 0-0: Ball
1-0: 2-RUN HOME RUN (Flyball, 7D), Distance : 355 ft
Batting: RHB Ron Garrett 0-0: Called Strike
0-1: Ball
1-1: Ball
2-1: Called Strike
2-2: Strikes out swinging
Batting: LHB Nick Hill 0-0: Swinging Strike
0-1: Foul Ball, location: 2F
0-2: Ball
1-2: Foul Ball, location: 2F
1-2: Foul Ball, location: 2F
1-2: Ground out 6-3 (Groundball, 6)
Top of the 7th over - 3 run(s), 3 hit(s), 0 error(s), 0 left on base; Chula Vista 5 - Jasper 2
BOTTOM OF THE 7TH
Jasper Cougars batting - Pitching for Chula Vista Tacos : RHP Maurice Green
Now in LF: Guillermo Deleón
Now in RF: Jake Lawrence
Batting: LHB Darren Holland 0-0: Ball
1-0: Foul Ball, location: 2F
1-1: Foul Ball, location: 2F
1-2: Foul Ball, location: 2F
1-2: Foul Ball, location: 2F
1-2: Ball
2-2: Ground out 4-3 (Groundball, 4)
Pitching: LHP Doug Ledoux
Batting: RHB Bob Cole 0-0: Swinging Strike
0-1: Ball
1-1: Called Strike
1-2: Ball
2-2: Strikes out swinging
Batting: LHB Jon Rogers 0-0: Called Strike
0-1: Foul Ball, location: 2F
0-2: Strikes out looking
Bottom of the 7th over - 0 run(s), 0 hit(s), 0 error(s), 0 left on base; Chula Vista 5 - Jasper 2
TOP OF THE 8TH
Chula Vista Tacos batting - Pitching for Jasper Cougars : LHP Ángel Gonzáles
Pitching: RHP Francisco Pagán
Batting: LHB Steven Smith 0-0: Ball
1-0: Ball
2-0: Ball
3-0: Base on Balls
Batting: LHB Roderick Delgado 0-0: Called Strike
0-1: Called Strike
0-2: Strikes out looking
Batting: RHB Matt O'Rourke 0-0: Ball
1-0: Ball
2-0: Called Strike
2-1: Swinging Strike
2-2: SINGLE (Groundball, 34D)
Steven Smith to second
Runner from 2nd tries for 3rd, SAFE, throw made to third
Batting: RHB Guillermo Deleón 0-0: Called Strike
0-1: Called Strike
Pickoff Throw to First - Error! E1
Steven Smith scores
Matt O'Rourke to second
0-2: Ball
1-2: Ball
2-2: Foul Ball, location: 2F
2-2: Foul Ball, location: 2F
2-2: 2-RUN HOME RUN (Line Drive, 7LD), Distance : 319 ft
Batting: RHB Juan Morales 0-0: Ball
1-0: Foul Ball, location: 2F
1-1: Ball
2-1: Fly out, F8 (Line Drive, 89S)
Batting: SHB Tony Varela 0-0: Ball
1-0: Ball
2-0: Ball
3-0: Called Strike
3-1: Base on Balls
Batting: RHB Jake Lawrence 0-0: Ball
1-0: Called Strike
1-1: Foul Ball, location: 2F
1-2: Strikes out swinging
Top of the 8th over - 3 run(s), 2 hit(s), 1 error(s), 1 left on base; Chula Vista 8 - Jasper 2
BOTTOM OF THE 8TH
Jasper Cougars batting - Pitching for Chula Vista Tacos : LHP Doug Ledoux
Batting: RHB Juan Carlos 0-0: Called Strike
0-1: Called Strike
0-2: Ball
1-2: Ground out 4-3 (Groundball, 4D)
Batting: LHB Tony Beck 0-0: Called Strike
0-1: Called Strike
0-2: Strikes out swinging
Batting: RHB Ben Wilson 0-0: Ball
1-0: Fly out, F8 (Flyball, 89M)
Bottom of the 8th over - 0 run(s), 0 hit(s), 0 error(s), 0 left on base; Chula Vista 8 - Jasper 2
TOP OF THE 9TH
Chula Vista Tacos batting - Pitching for Jasper Cougars : RHP Francisco Pagán
Batting: RHB Ron Garrett 0-0: Ball
1-0: Foul Ball, location: 2F
1-1: Foul Ball, location: 2F
1-2: Foul Ball, location: 2F
1-2: Ball
2-2: Strikes out looking
Batting: LHB Nick Hill 0-0: Ball
1-0: Ball
2-0: Called Strike
2-1: Ground out 5-3 (Groundball, 56)
Batting: LHB Steven Smith 0-0: Swinging Strike
0-1: Ball
1-1: Ball
2-1: Foul Ball, location: 2F
2-2: Strikes out looking
Top of the 9th over - 0 run(s), 0 hit(s), 0 error(s), 0 left on base; Chula Vista 8 - Jasper 2
BOTTOM OF THE 9TH
Jasper Cougars batting - Pitching for Chula Vista Tacos : LHP Doug Ledoux
Batting: SHB Michael Miller 0-0: Ball
1-0: Swinging Strike
1-1: Foul Ball, location: 2F
1-2: Ball
2-2: Ball
3-2: Foul Ball, location: 2F
3-2: Base on Balls
Batting: RHB José Ortega 0-0: Ball
1-0: Called Strike
1-1: Fielders Choice at 2nd, 6-4 (Groundball, 56)
Batting: RHB Scott McGuire 0-0: Swinging Strike
0-1: Called Strike
0-2: Reached on error, E4 (Groundball, 4MS)
José Ortega to third
Batting: LHB Darren Holland 0-0: Ball
1-0: Ball
2-0: 3-RUN HOME RUN (Flyball, 9D), Distance : 341 ft
Pitching: LHP Brian Hodges
Batting: RHB Bob Cole 0-0: Called Strike
0-1: Swinging Strike
0-2: Strikes out swinging
Batting: LHB Jon Rogers 0-0: Ball
1-0: Called Strike
1-1: Foul Ball, location: 2F
1-2: Ball
2-2: Ball
3-2: Base on Balls
Batting: RHB Juan Carlos 0-0: Ball
1-0: SINGLE (Groundball, 6MD)
Jon Rogers to second
Runner from 2nd tries for 3rd, SAFE, no throw
Pinch Hitting: RHB Andrew Weatherly 0-0: Ball
1-0: Ground out 5-3 (Groundball, 56S)
Bottom of the 9th over - 3 run(s), 2 hit(s), 1 error(s), 2 left on base; Chula Vista 8 - Jasper 5
Tuesday, August 8th, 2017 - OOTP Baseball 17.12 Build 75